 Dungeon Crawl Stone Soup version 0.20.1-1-g8b1a95d (webtiles) character file.

74 Lanoc the Magician (level 4, -1/21 HPs)
             Began as a Spriggan Earth Elementalist on Nov 26, 2017.
             Killed by nerve-wracking pain
             ... invoked by Grinder
              (11 damage)
             ... while paralysed by Grinder
             ... on level 3 of the Dungeon.
             The game lasted 00:07:36 (1550 turns).

Lanoc the Magician (Spriggan Earth Elementalist)    Turns: 1550, Time: 00:07:37

Health: -1/21      AC:  7    Str:  4    XL:     4   Next: 10%
Magic:  5/10       EV:  4    Int: 17    God:
Gold:   114        SH:  0    Dex: 16    Spells: 5/10 levels left

rFire    . . .     SeeInvis +   (weapon restricted)
rCold    . . .     Gourm    .   (shield restricted)
rNeg     . . .     Faith    .   c - +0 robe
rPois    .         Spirit   .   (helmet restricted)
rElec    .         Reflect  .   (no cloak)
rCorr    .         Harm     .   (gloves unavailable)
MR       .....                  (boots unavailable)
Stlth    ++........             (no amulet)
Regen    0.1/turn               i - +5 ring of protection
MPRegen  0.2/turn               j - ring of see invisible

@: paralysed, very quick
A: unfitting armour, see invisible, herbivore 3, speed 3, slow metabolism 2
a: no special abilities


You were on level 3 of the Dungeon.
You were not hungry.

You visited 1 branch of the dungeon, and saw 3 of its levels.

You collected 114 gold pieces.

Inventory:

Missiles
 b - 78 stones (quivered)
Armour
 c - a +0 robe (worn)
Jewellery
 i - a +5 ring of protection (left hand)
 j - a ring of see invisible (right hand)
Scrolls
 f - a scroll of blinking {unknown}
 g - 3 scrolls of identify {unknown}
 k - 2 scrolls of remove curse {unknown}
 n - a scroll of immolation {unknown}
 o - 2 scrolls of amnesia {unknown}
 p - a scroll of teleportation {unknown}
Potions
 a - 2 potions of lignification {unknown}
 l - a potion of flight {unknown}
 m - a potion of curing {unknown}
 q - 2 potions of ambrosia {unknown}
Books
 e - a book of Geomancy

   Spells                             Type                      Level
   a - Sandblast                      Earth                        1
   b - Passwall                       Transmutation/Earth          2
   c - Stone Arrow                    Conjuration/Earth            3
   d - Petrify                        Transmutation/Earth          4
   e - Lee's Rapid Deconstruction     Earth                        5
Comestibles
 d - 4 bread rations
 h - a royal jelly


   Skills:
 + Level 3.5 Dodging
 + Level 3.2 Stealth
 + Level 3.9 Spellcasting
 + Level 1.3 Transmutations
 + Level 3.7 Earth Magic


You had 5 spell levels left.
You knew the following spells:

 Your Spells              Type           Power        Failure   Level  Hunger
a - Sandblast             Erth           ###...       3%          1    None
b - Petrify               Tmut/Erth      ##......     50%         4    ####...


Dungeon Overview and Level Annotations

Branches:
Dungeon (3/15)

Altars:

Annotations:
D:3 Grinder


Innate Abilities, Weirdness & Mutations

You are very small and have problems with some larger weapons.
You are too small for most types of armour.
You have supernaturally acute eyesight. (SInv)
You are a herbivore.
You cover ground extremely quickly.
You need consume almost no food.


Message History

Confirm with . or Enter, or press ? or * to list all spells.
Aiming: Sandblast
Press: ? - help, Shift-Dir - straight line, f/p - Grinder
Aim: Grinder (severely wounded)
The blast of sand hits Grinder.
Grinder is almost dead.
b - 79 stones
Casting: Sandblast
Confirm with . or Enter, or press ? or * to list all spells.
Aiming: Sandblast
Press: ? - help, Shift-Dir - straight line, f/p - Grinder
Aim: Grinder (almost dead)
The blast of sand misses Grinder.
b - 78 stones Grinder gestures at you.
You suddenly lose the ability to move!
Grinder gestures at you. Pain shoots through your body!
Ouch! That really hurt!
You die...

...## ###.......#.
#...## #<.........
..... +..........
#... #.........#
#.. ##...†...## #
#.# ##.....###
#.##.###.# ##>..##
# #...5....# ##'##
# ####@#####
##.##### #.#
#....... #.# ###
#..##### #.#
##.###...## # #.#
##.#.#.....### #.#
#.###.........
#.####.#.##..#####
#.......###..#
######### #..#####


You could see Grinder.

Vanquished Creatures
  An adder (D:2)
  2 oozes
  2 worms (D:2)
  3 leopard geckos
  6 bats
  11 goblins
  3 hobgoblins
  6 kobolds
  3 ball pythons
  4 frilled lizards
  7 rats
48 creatures vanquished.

Notes
Turn   | Place    | Note
-------+----------+-------------------------------------------
     0 | D:1      | Lanoc the Spriggan Earth Elementalist began the quest for the Orb.
     0 | D:1      | Reached XP level 1. HP: 9/9 MP: 5/5
   130 | D:1      | Reached XP level 2. HP: 2/13 MP: 0/6
   768 | D:2      | Reached XP level 3. HP: 16/16 MP: 2/8
  1238 | D:2      | Reached XP level 4. HP: 21/21 MP: 5/10
  1378 | D:3      | Learned a level 4 spell: Petrify
  1539 | D:3      | Noticed Grinder
  1549 | D:3      | Paralysed by Grinder for 3 turns
  1550 | D:3      | Killed from afar by Grinder

Skill      XL: |  1  2 |
---------------+-------+-----
Earth Magic    | 3 |  3.7
Spellcasting   | 3 |  3.9
Dodging        | |  3.5
Stealth        | |  3.2
Transmutations | |  1.3

Action                   |  1- 3 |  4- 6 || total
-------------------------+-------+-------++-------
Melee: Unarmed           |    24 |       ||    24
 Cast: Sandblast         |    60 |    12 ||    72
 Stab: Sleeping          |     1 |       ||     1
Armor: Robe              |    18 |       ||    18
Dodge: Dodged            |    68 |     1 ||    69
